 Dungeon Crawl Stone Soup version 0.21-a0-221-gfe971b9 (webtiles) character file.

5093 qqqbard the Carver (level 10, 0/90 HPs)
             Began as a Minotaur Fighter on Aug 24, 2017.
             Was a Follower of the Shining One.
             Slain by daryashkoh's ghost (1 damage)
             ... on level 8 of the Dungeon.
             The game lasted 00:09:58 (6047 turns).

qqqbard the Carver (Minotaur Fighter)               Turns: 6047, Time: 00:09:58

Health: 0/90       AC: 16    Str: 25    XL:     10   Next: 32%
Magic:  9/9        EV:  8    Int:  5    God:    the Shining One [*.....]
Gold:   410        SH:  9    Dex:  9    Spells: 9/9 levels left

rFire    . . .     SeeInvis .   v - +1 falchion (venom)
rCold    . . .     Gourm    .   c - +0 shield
rNeg     . . .     Faith    .   o - +0 plate armour
rPois    +         Spirit   .   (helmet restricted)
rElec    .         Reflect  .   B - +0 cloak
rCorr    .         Harm     .   E - +0 pair of gloves
MR       .....                  (no boots)
Stlth    ..........             J - amulet of regeneration
HPRegen  0.65/turn              I - ring of stealth
MPRegen  0.11/turn              C - ring of poison resistance

@: glowing
A: retaliatory headbutt, horns 2
a: Renounce Religion


You were on level 8 of the Dungeon.
You worshipped the Shining One.
The Shining One was aware of your devotion.
You were not hungry.

You visited 2 branches of the dungeon, and saw 9 of its levels.

You collected 410 gold pieces.

Inventory:

Hand Weapons
 a - a +0 long sword
 v - a +1 falchion of venom (weapon)
 D - a +0 rapier
Armour
 b - a +0 scale mail
 c - a +0 shield (worn)
 o - a +0 plate armour (worn)
 B - a +0 cloak (worn)
 E - a +0 pair of gloves (worn)
Jewellery
 C - a ring of poison resistance (right hand)
 I - a ring of stealth (left hand)
 J - an amulet of regeneration (around neck)
Wands
 r - a wand of flame (11/48)
 F - a wand of flame (30/48)
 H - a wand of random effects (25/48)
 N - a wand of acid (5/15)
Scrolls
 g - a scroll of immolation {unknown}
 i - 5 scrolls of remove curse
 j - 5 scrolls of identify
 l - 2 scrolls of recharging {unknown}
 m - a scroll of random uselessness {unknown}
 p - 2 scrolls of enchant armour {unknown}
 q - a scroll of fear {unknown}
 s - 4 scrolls of enchant weapon {unknown}
 y - a scroll of amnesia {unknown}
 A - a scroll of noise {unknown}
 K - a scroll of magic mapping {unknown}
Potions
 d - 2 potions of might
 e - a potion of mutation {unknown}
 h - 2 potions of degeneration {unknown}
 k - a potion of heal wounds {unknown}
 t - 3 potions of curing {unknown}
 u - 2 potions of brilliance {unknown}
 x - a potion of berserk rage {unknown}
 G - 2 potions of agility {unknown}
 L - 2 potions of flight {unknown}
Books
 M - a book of Changes

   Spells                             Type                      Level
   a - Beastly Appendage              Transmutation                1
   b - Sticks to Snakes               Transmutation                2
   c - Spider Form                    Transmutation/Poison         3
   d - Ice Form                       Ice/Transmutation            4
   e - Blade Hands                    Transmutation                5
Comestibles
 f - 7 bread rations
 n - a fruit
 w - 4 royal jellies
 z - 4 meat rations
 O - 7 chunks of flesh


   Skills:
 + Level 8.9 Fighting
 * Level 11.7 Long Blades
 + Level 8.9 Armour
 + Level 7.5 Dodging
 - Level 3.6 Shields


You had 9 spell levels left.
You didn't know any spells.

Dungeon Overview and Level Annotations

Branches:
Dungeon (8/15)             Temple (1/1) D:7
   Lair: D:8-11

Altars:
Ashenzari
Cheibriados
Dithmenos
Elyvilon
Fedhas
Gozag
Hepliaklqana
Kikubaaqudgha
Makhleb
Nemelex Xobeh
Okawaru
Qazlal
Ru
Sif Muna
Trog
Uskayaw
Vehumet
Wu Jian
Xom
Yredelemnul
Zin
The Shining One

Annotations:
D:8 daryashkoh's ghost, novice MfGl


Innate Abilities, Weirdness & Mutations

You reflexively headbutt those who attack you in melee.
You have a pair of horns on your head.


Message History

You are frozen.
* * * LOW HITPOINT WARNING * * *
You hit daryashkoh's ghost.
Daryashkoh's ghost is almost destroyed.
Daryashkoh's ghost hits you but does no damage.
Your shield and plate armour prevent you from hitting daryashkoh's ghost.
Your headbutt misses daryashkoh's ghost.
Daryashkoh's ghost is almost destroyed.
You hit daryashkoh's ghost.
Your headbutt misses daryashkoh's ghost.
Daryashkoh's ghost is almost destroyed.
Daryashkoh's ghost casts a spell at you.
You are frozen.
* * * LOW HITPOINT WARNING * * *
You hit daryashkoh's ghost.
Daryashkoh's ghost is almost destroyed.
Daryashkoh's ghost hits you.
* * * LOW HITPOINT WARNING * * *
Daryashkoh's ghost freezes you.
You die...

####..## ##..#########.
######.....# #..##........
#.......##.# ###...........
#.......##.####.............
#................##.........
############................
#......##........
####.######.........
........@Wo.........
##########(.........
####..(#........
##.....()..#.....
#......(...#.....
...........#.....
.......)...# ..
#..............
...........#.##


You could see daryashkoh's ghost and an orc.

Vanquished Creatures
  2 two-headed ogres
  A wolf spider zombie (D:7)
  2 hellwings (D:7)
  The ghost of qqqbard the Poker, an amateur MfGl (D:3)
  A black bear (D:6)
  A sky beast (D:6)
  An ogre (D:7)
  2 hornet zombies (D:7)
  A centaur (D:7)
  2 big kobolds (D:7)
  A bullfrog (D:5)
  2 scorpions
  A wyvern skeleton (D:7)
  A howler monkey (D:5)
  2 bullfrog zombies
  4 centaur zombies (D:7)
  2 hounds
  A bullfrog skeleton (D:6)
  2 orc priests
  9 orc wizards
  2 iguanas (D:5)
  4 worker ants
  2 hound skeletons
  A howler monkey zombie (D:6)
  4 gnolls
  A howler monkey skeleton (D:5)
  4 adders
  4 shadow imps
  2 adder zombies
  2 worms (D:2)
  3 dart slugs (D:1)
  5 leopard geckos
  20 orcs
  14 bats
  4 giant cockroaches
  7 goblins
  15 hobgoblins
  4 jackals
  17 kobolds
  4 quokkas
  5 frilled lizards
  A leopard gecko skeleton (D:4)
  A leopard gecko zombie (D:5)
  4 rats
169 creatures vanquished.

Vanquished Creatures (others)
  A withered plant (D:7)
1 creature vanquished.

Grand Total: 170 creatures vanquished

Notes
Turn   | Place    | Note
-------+----------+-------------------------------------------
     0 | D:1      | qqqbard the Minotaur Fighter began the quest for the Orb.
     0 | D:1      | Reached XP level 1. HP: 19/19 MP: 0/0
    61 | D:1      | Reached XP level 2. HP: 17/27 MP: 1/1
    71 | D:1      | Reached skill level 3 in Long Blades
    95 | D:1      | Reached skill level 1 in Dodging
   286 | D:1      | Reached XP level 3. HP: 33/33 MP: 2/2
   900 | D:2      | Reached XP level 4. HP: 37/40 MP: 3/3
   969 | D:2      | Reached skill level 4 in Long Blades
  1838 | D:3      | Noticed qqqbard's ghost (amateur MfGl)
  1851 | D:3      | Killed qqqbard's ghost
  1851 | D:3      | Reached skill level 5 in Long Blades
  1851 | D:3      | Reached XP level 5. HP: 38/47 MP: 4/4
  2062 | D:4      | Found a blossoming altar of Fedhas.
  2065 | D:4      | Found a shadowy altar of Dithmenos.
  2068 | D:4      | Found a deep blue altar of Sif Muna.
  2321 | D:4      | Reached XP level 6. HP: 54/55 MP: 5/5
  2425 | D:4      | Reached skill level 5 in Fighting
  2595 | D:5      | Entered Level 5 of the Dungeon
  2595 | D:5      | Noticed a two-headed ogre
  2604 | D:5      | Killed a two-headed ogre
  2604 | D:5      | Reached skill level 7 in Long Blades
  2604 | D:5      | Reached XP level 7. HP: 25/63 MP: 6/6
  2644 | D:5      | Reached XP level 8. HP: 36/70 MP: 7/7
  3235 | D:5      | Found a snail-covered altar of Cheibriados.
  3257 | D:5      | Found an ancient bone altar of Kikubaaqudgha.
  3306 | D:5      | Reached skill level 8 in Long Blades
  3306 | D:5      | Reached skill level 5 in Dodging
  3498 | D:5      | Found a stormy altar of Qazlal.
  3499 | D:5      | Found an opulent altar of Gozag.
  3500 | D:5      | Found an iron altar of Okawaru.
  3724 | D:6      | Noticed a two-headed ogre
  3727 | D:6      | HP: 3/71 [two-headed ogre/giant club (23)]
  3761 | D:6      | Killed a two-headed ogre
  3761 | D:6      | Reached skill level 9 in Long Blades
  3761 | D:6      | Reached XP level 9. HP: 26/79 MP: 8/8
  4489 | D:7      | Reached skill level 10 in Long Blades
  4603 | D:7      | Found a staircase to the Ecumenical Temple.
  4651 | Temple   | Entered the Ecumenical Temple
  4866 | Temple   | Became a worshipper of the Shining One
  5149 | D:7      | Found an ornate altar of the Wu Jian Council.
  5291 | D:7      | Noticed a hellwing
  5319 | D:7      | Killed a hellwing
  5475 | D:7      | Noticed a hellwing
  5488 | D:7      | Killed a hellwing
  5488 | D:7      | Reached * piety under the Shining One
  5488 | D:7      | Reached skill level 11 in Long Blades
  5509 | D:7      | Reached XP level 10. HP: 89/90 MP: 9/9
  6007 | D:8      | Noticed daryashkoh's ghost (novice MfGl)
  6046 | D:8      | HP: 4/90 [daryashkoh's ghost/Freeze (6)]
  6047 | D:8      | HP: 1/90 [daryashkoh's ghost (3)]
  6047 | D:8      | Slain by daryashkoh's ghost

Vault maps used:
D:1:      dpeg_arrival_shrine, minmay_domino_4
D:2:      st_stairs_3, minmay_goblin_kobold_house
D:3:      first_bread, minivault_26
D:4:      grunt_temple_overflow_diamond
D:5:      minitemple
D:6:      minmay_crystal_water
D:7:      cheibrodos_grave_circle, lemuel_round_altar, minmay_temple_entry_hall
D:8:      lair_entry_dummy
Temple:   nicolae_temple_figure_eight

Skill      XL: |  1  2  3  4  5  6  7  8  9 |
---------------+----------------------------+-----
Long Blades    | 3 5 7 9 11 | 11.7
Dodging        | 1 2 4 5 7 |  7.5
Armour         | 4 6 7 8 |  8.9
Fighting       | 4 6 7 8 |  8.9
Shields        | |  3.6

Action                   |  1- 3 |  4- 6 |  7- 9 | 10-12 || total
-------------------------+-------+-------+-------+-------++-------
Melee: Long sword        |   114 |    32 |       |       ||   146
       Headbutt          |    13 |    20 |    70 |    20 ||   123
       Falchion          |       |    69 |   271 |    85 ||   425
  Use: Scroll            |       |       |     2 |       ||     2
  Eat: Chunk             |       |     6 |     6 |       ||    12
       Meat ration       |       |       |     1 |       ||     1
Armor: Scale mail        |    38 |       |       |       ||    38
       Plate armour      |    20 |    54 |   128 |    39 ||   241
Dodge: Dodged            |    33 |    29 |    58 |    20 ||   140
Block: Shield            |    66 |    60 |   135 |    39 ||   300
       Rpst.: Long sword |     7 |       |       |       ||     7
       Falchion          |       |     4 |    11 |     6 ||    21

Table legend:
 A = Spawn XP
 B = Non-spawn XP
 C = Spawn XP percentage of total XP
 D = Spawn monster count
 E = Non-spawn monster count
 F = Spawn count percentage of total count
 G = Total turns spent on level
                    A         B        C        D         E        F      G
               +---------+---------+-------+---------+---------+-------+---------
         Total |     221 |    7055 |   3.0 |      14 |     155 |   8.3 |  6047
               +---------+---------+-------+---------+---------+-------+---------
           D:1 |       3 |      56 |   5.1 |       2 |      30 |   6.2 |   627
           D:2 |      15 |      44 |  25.4 |       1 |      21 |   4.5 |   550
           D:3 |       4 |     241 |   1.6 |       2 |      18 |  10.0 |   828
           D:4 |       2 |      93 |   2.1 |       1 |       8 |  11.1 |   590
           D:5 |      57 |    1439 |   3.8 |       2 |      24 |   7.7 |  1031
           D:6 |     117 |    1395 |   7.7 |       4 |      15 |  21.1 |   798
           D:7 |      23 |    3741 |   0.6 |       2 |      36 |   5.3 |  1291
           D:8 |       0 |      46 |   0.0 |       0 |       3 |   0.0 |    90
               +---------+---------+-------+---------+---------+-------+---------
